 Dungeon Sprint DCSS version 0.15-a0-33-ga435e27 (webtiles) character file.

5700000 BluebellGnoll the Conqueror (level 22, -43/233 HPs)
             Began as a Minotaur Venom Mage on Apr 1, 2014.
             Was the Champion of Makhleb.
             Annihilated by The Servant
             ... wielding a +9,+9 glaive of flaming
              (114 damage)
             ... in the Dungeon (Sprint VIII: "Arena of Blood").
             The game lasted 00:05:20 (57 turns).

BluebellGnoll the Conqueror (Minotaur Venom Mage)     Turns: 57, Time: 00:05:21

HP -43/233       AC  2     Str 14      XL: 22   Next: 50%
MP  11/46        EV 28     Int 19      God: Makhleb [******]
Gold 0           SH  0     Dex 13      Spells:  1 memorised, 74 levels left

rFire  . . .     SeeInvis .     j - +∞ Axe of Woe
rCold  . . .     Clarity  .     a - +0 robe
rNeg   . . .     Conserve .     (no shield)
rPois  .         rCorr    .     (helmet restricted)
rElec  .         rRot     .     (no cloak)
SustAb . .       Spirit   .     (no gloves)
rMut   .         Warding  .     (no boots)
Saprov . . .     NoTele   +     (no amulet)
MR     +....                    (no ring)
                                k - +27000,+30 ring of slaying

@: somewhat resistant to hostile enchantments, very stealthy
A: retaliatory headbutt, horns 2
a: Minor Destruction, Lesser Servant of Makhleb, Major Destruction, Greater
Servant of Makhleb, Renounce Religion


You were in the Dungeon.
You worshipped Makhleb.
Makhleb was exalted by your worship.
You were not hungry.

You visited 1 branch

Inventory:

Hand weapons
 j - the +∞,+∞ Axe of Woe (weapon)
   (You found it in the Dungeon)
Armour
 a - a +0 robe (worn)
Comestibles
 c - a bread ration
Scrolls
 i - a scroll of blinking
Jewellery
 k - a +27000,+30 ring of slaying (left hand)
Potions
 d - a potion of curing
 e - a potion of heal wounds
 f - a potion of haste
 g - 2 potions of magic
 h - a potion of berserk rage
Books
 b - a Young Poisoner's Handbook

   Spells                             Type                      Level
   *Sting                             Conjuration/Poison           1
   Cure Poison                        Poison                       2
   Mephitic Cloud                     Conjuration/Poison/Air       3
   Olgreb's Toxic Radiance            Poison                       4
   Venom Bolt                         Conjuration/Poison           5


   Skills:
 O Level 27 Fighting
 O Level 27 Axes
 O Level 27 Dodging
 + Level 14.8 Stealth
 O Level 27 Unarmed Combat
 O Level 27 Spellcasting
 O Level 27 Conjurations
 O Level 27 Poison Magic
 O Level 27 Invocations


You had 74 spell levels left.
You knew the following spells:

 Your Spells              Type           Power        Failure   Level  Hunger
a - Sting                 Conj/Pois      ####         0%          1    None


Dungeon Overview and Level Annotations

Branches:
Dungeon (1/1)

Altars:
Makhleb

Annotations:
D The Servant


Innate Abilities, Weirdness & Mutations

You reflexively headbutt those who attack you in melee.
You have a pair of horns on your head.


Message History

3 ogres come into view.
Unknown command.
You carve the bag of meat like a ham!!!
You slaughter the bag of meat joyfully.
You kill the bag of meat!
Makhleb accepts your kill.
You feel a little better.
Your Stealth skill gained 2 levels and is now at level 14!
You are engulfed in roaring flames.
You hear a shout! x3
The tyrant waves its bony arms in wide circles.
The air twists around and strikes you!
You hear a shout! x4
Unknown command.
A meat berserker comes into view. It is wielding a +9,+9 battleaxe.
The meat berserker shouts!
The meat berserker moves out of view.
The meat berserker rages.
You hear a shout! x3
The Servant hits you with a +9,+9 glaive of flaming!
You die...

....... . ..L.. .o
#..O. .# .. #...
..# ...###...
..###.
.O......###.......
#.....§%)_OL......
.....#)§)..#.....
. #@)<._# .
#@)o..#
#.%..§)))_...%..
.......C###%.....
...###... ..###.
.. #... ..# #Dz%.
..# ..... ..
......


You could see 2 tyrants, The Servant, an eight-headed meat hydra, a sculptor of
flesh, a large bag of meat (inner flame), 2 meat berserkers and a bag of meat.

Vanquished Creatures
  A greater mummy (D)
  3 hill giants (D)
  12 ogres (D)
  32 orcs (D)
  A skeletal warrior (D)
  4 vampire knights (D)
53 creatures vanquished.

Notes
Turn   | Place    | Note
--------------------------------------------------------------
     0 | D        | BluebellGnoll, the Minotaur Venom Mage, began the quest for the Orb.
     0 | D        | Reached XP level 1. HP: 14/14 MP: 2/2
     3 | D        | Noticed a bag of meat
     4 | D        | Became a worshipper of Makhleb the Destroyer
     5 | D        | Noticed a bag of meat
     5 | D        | Noticed a meat berserker
     6 | D        | Killed a bag of meat
     6 | D        | Reached skill level 3 in Fighting
     6 | D        | Reached skill level 9 in Dodging
     6 | D        | Reached skill level 18 in Poison Magic
     6 | D        | Reached XP level 2. HP: 19/26 MP: 1/9
     6 | D        | Reached XP level 3. HP: 22/31 MP: 1/12
     6 | D        | Reached XP level 4. HP: 26/38 MP: 1/13
     6 | D        | Reached XP level 5. HP: 30/45 MP: 1/14
     6 | D        | Reached XP level 6. HP: 34/51 MP: 1/17
     6 | D        | Reached XP level 7. HP: 38/57 MP: 1/18
     6 | D        | Reached XP level 8. HP: 42/63 MP: 1/19
     6 | D        | Reached XP level 9. HP: 46/69 MP: 1/20
     6 | D        | Reached XP level 10. HP: 51/77 MP: 1/21
     6 | D        | Reached XP level 11. HP: 54/82 MP: 1/22
     7 | D        | Noticed a meat berserker
     7 | D        | Killed a meat berserker
     7 | D        | Acquired Makhleb's first power
     7 | D        | Reached XP level 12. HP: 58/89 MP: 1/23
     8 | D        | Noticed a bag of meat
     8 | D        | Killed a meat berserker
     8 | D        | Reached skill level 23 in Axes
     8 | D        | Reached XP level 13. HP: 61/94 MP: 1/24
     9 | D        | Noticed a bag of meat
    11 | D        | Noticed a bag of meat
    11 | D        | Killed a bag of meat
    11 | D        | Acquired Makhleb's second power
    11 | D        | Reached skill level 27 in Axes
    11 | D        | Reached skill level 5 in Fighting
    12 | D        | Noticed a meat berserker
    12 | D        | Noticed a bag of meat
    12 | D        | Noticed a bag of meat
    12 | D        | Noticed a bag of meat
    13 | D        | Noticed a bag of meat
    13 | D        | Noticed a bag of meat
    13 | D        | Noticed a bag of meat
    13 | D        | Noticed a bag of meat
    13 | D        | Noticed a bag of meat
    14 | D        | Noticed a bag of meat
    15 | D        | Noticed a bag of meat
    15 | D        | Noticed a bag of meat
    15 | D        | Noticed a bag of meat
    16 | D        | Noticed a meat berserker
    16 | D        | Noticed a bag of meat
    16 | D        | Noticed a meat berserker
    16 | D        | Noticed a meat berserker
    16 | D        | Killed a bag of meat
    16 | D        | Reached XP level 14. HP: 100/138 MP: 3/24
    16 | D        | Killed a bag of meat
    17 | D        | Noticed a meat berserker
    17 | D        | Killed a meat berserker
    17 | D        | Acquired Makhleb's third power
    17 | D        | Reached XP level 15. HP: 106/168 MP: 3/25
    17 | D        | Killed a bag of meat
    17 | D        | Reached skill level 27 in Fighting
    17 | D        | Reached skill level 10 in Dodging
    18 | D        | Killed a bag of meat
    19 | D        | Noticed a bag of meat
    19 | D        | Killed a bag of meat
    19 | D        | Acquired Makhleb's fourth power
    20 | D        | Killed a bag of meat
    20 | D        | Reached XP level 16. HP: 183/183 MP: 3/26
    21 | D        | Noticed a large bag of meat
    21 | D        | Killed a meat berserker
    21 | D        | Killed a bag of meat
    21 | D        | Reached skill level 27 in Dodging
    21 | D        | Reached skill level 10 in Invocations
    22 | D        | Noticed a bag of meat
    22 | D        | Killed a meat berserker
    22 | D        | Acquired Makhleb's fifth power
    22 | D        | Killed a bag of meat
    22 | D        | Reached XP level 17. HP: 191/191 MP: 4/34
    23 | D        | Noticed a large bag of meat
    23 | D        | Killed a bag of meat
    24 | D        | Killed a bag of meat
    25 | D        | Noticed a bag of meat
    25 | D        | Killed a large bag of meat
    25 | D        | Killed a bag of meat
    25 | D        | Reached skill level 27 in Invocations
    25 | D        | Reached skill level 10 in Spellcasting
    25 | D        | Killed a meat berserker
    25 | D        | Reached XP level 18. HP: 179/200 MP: 4/38
    26 | D        | Killed a meat berserker
    26 | D        | Reached skill level 15 in Spellcasting
    27 | D        | Killed a bag of meat
    28 | D        | Noticed a meat berserker
    28 | D        | Killed a bag of meat
    29 | D        | Killed a bag of meat
    30 | D        | Noticed a bag of meat
    30 | D        | Noticed an eight-headed meat hydra
    30 | D        | Noticed a bag of meat
    30 | D        | Killed a bag of meat
    30 | D        | Killed a large bag of meat
    30 | D        | Reached XP level 19. HP: 207/207 MP: 5/43
    31 | D        | Noticed a bag of meat
    31 | D        | Noticed a bag of meat
    31 | D        | Noticed a destroyer
    31 | D        | Noticed a meat berserker
    31 | D        | Killed a bag of meat
    32 | D        | Noticed a large bag of meat
    32 | D        | Noticed a bag of meat
    32 | D        | Killed a bag of meat
    33 | D        | Noticed a bag of meat
    33 | D        | Noticed a bag of meat
    33 | D        | Killed a bag of meat
    34 | D        | Killed a meat berserker
    34 | D        | Reached skill level 27 in Spellcasting
    34 | D        | Killed a destroyer
    34 | D        | Killed a meat berserker
    37 | D        | Noticed a bag of meat
    37 | D        | Killed a bag of meat
    37 | D        | Reached XP level 20. HP: 170/216 MP: 7/45
    37 | D        | Killed a bag of meat
    37 | D        | Killed a bag of meat
    37 | D        | Reached skill level 27 in Unarmed Combat
    37 | D        | Killed a bag of meat
    37 | D        | Reached skill level 10 in Conjurations
    39 | D        | Killed a bag of meat
    39 | D        | Killed a bag of meat
    40 | D        | Killed a bag of meat
    41 | D        | Killed a large bag of meat
    41 | D        | Reached XP level 21. HP: 224/224 MP: 7/46
    42 | D        | Noticed a bag of meat
    42 | D        | Killed a bag of meat
    43 | D        | Noticed a destroyer
    43 | D        | Noticed a destroyer
    43 | D        | Killed a bag of meat
    44 | D        | Noticed a destroyer
    45 | D        | Noticed a meat berserker
    45 | D        | Killed a destroyer
    46 | D        | Noticed an accursed
    47 | D        | Noticed a meat berserker
    47 | D        | Noticed a meat berserker
    47 | D        | Killed a bag of meat
    48 | D        | Noticed a sculptor of flesh
    48 | D        | Killed a destroyer
    48 | D        | Reached skill level 27 in Conjurations
    49 | D        | Noticed a bag of meat
    49 | D        | Noticed The Servant
    49 | D        | Killed a meat berserker
    50 | D        | Noticed a bag of meat
    50 | D        | Noticed a tyrant
    50 | D        | Killed a meat berserker
    51 | D        | Noticed a large bag of meat
    51 | D        | Killed a meat berserker
    51 | D        | Reached XP level 22. HP: 233/233 MP: 10/46
    52 | D        | Noticed a tyrant
    52 | D        | Noticed a meat berserker
    53 | D        | Killed an accursed
    53 | D        | Killed a destroyer
    54 | D        | Noticed a bag of meat
    54 | D        | Killed a bag of meat
    55 | D        | Noticed a sculptor of flesh
    55 | D        | Killed a sculptor of flesh
    55 | D        | Reached skill level 27 in Poison Magic
    56 | D        | Noticed a meat berserker
    56 | D        | Noticed a meat berserker
    56 | D        | Noticed a meat berserker
    56 | D        | Killed a bag of meat
    57 | D        | Noticed a meat berserker
    57 | D        | Annihilated by The Servant

Action                   |  1- 3 |  4- 6 |  7- 9 | 10-12 | 13-15 | 16-18 | 19-21 | 22-24 || total
-------------------------+-------+-------+-------+-------+-------+-------+-------+-------++-------
Melee: Executioner's axe |     1 |       |       |     2 |     6 |    10 |    16 |     4 ||    39
